Map: El Dorado

Players

Ryu

  • Race: Protoss Protoss
  • League: Platinum
  • Spawn Location: 7:00

Greyhair - Winner!

  • Race: Zerg Zerg
  • Spawn Location: 5:00

VOD

Have the link to the VOD?

Description

Time

  • Played on: April 22, 2025, 9:02 a.m.
  • Length: 11:12
Show
View Real Time Build Order
Export as new Build Order

Ryu Protoss 

Build Orders: 1 Gate Expand, Oracle Opening, Archon Immortal 

Get SALT Encoding   

  12  0:00  Probe  
  13  0:12  Probe  
  14  0:18  Pylon  
  14  0:26  Probe  
  15  0:37  Gateway  
  15  0:41  Probe  
  16  0:49  Assimilator, Probe  
  17  0:57  Probe  
  18  1:08  Probe  
  19  1:20  Probe  
  20  1:28  Cybernetics Core  
  20  1:39  Nexus  
  20  1:42  Probe  
  21  1:49  Pylon  
  21  1:54  Assimilator  
  21  1:57  Probe  
  22  2:09  Adept  
  22  2:10  Probe  
  25  2:22  Stargate  
  25  2:29  Probe  
  26  2:30  Warp Gate  
  26  2:40  Adept  
  26  2:41  Probe  
  29  2:47  Probe  
  29  2:49  Probe  
  30  2:55  Probe  
  30  2:57  Probe  
  31  3:04  Probe  
  33  3:07  Probe  
  33  3:12  Probe  
  39  3:14  Void Ray  
  39  3:15  Probe  
  41  3:20  Probe  
  41  3:22  Pylon  
  41  3:25  Probe  
  41  3:26  Adept  
  44  3:32  Probe  
  46  3:40  Probe  
  47  3:44  Assimilator, Probe  
  47  3:45  Pylon  
  47  3:47  Assimilator  
  47  3:48  Pylon  
  48  3:53  Oracle  
  51  4:05  Probe  
  51  4:09  Nexus  
  52  4:12  Pylon  
  52  4:19  Probe x2  
  54  4:24  Twilight Council  
  54  4:28  Robotics Facility  
  54  4:41  Probe x2  
  56  4:48  Gateway  
  56  4:54  Gateway  
  56  4:55  Gateway, Probe  
  56  4:56  Probe  
  58  5:05  Adept  
  60  5:10  Warp Prism  
  60  5:18  Pylon, Charge  
  62  5:26  Zealot, Probe x3  
  64  5:34  Probe x3  
  67  5:37  Forge  
  70  5:43  Probe x3  
  70  5:46  Observer  
  70  5:48  Zealot x2  
  78  5:52  Adept  
  78  5:53  Adept  
  82  5:59  Probe x3  
  82  6:02  Templar Archives  
  85  6:04  Immortal  
  85  6:10  Adept, Sentry  
  93  6:33  Gateway  
  93  6:34  Gateway  
  93  6:35  Gateway, Probe x3  
  93  6:37  Gateway  
  93  6:39  Assimilator, Zealot  
  98  6:40  Pylon, Zealot  
  98  6:42  Assimilator  
  98  6:46  Pylon  
  100  6:47  Pylon  
  100  6:48  Pylon  
  100  6:59  Immortal  
  100  7:01  High Templar x2  
  108  7:13  High Templar x2  
  110  7:22  Archon  
  107  7:23  Archon  
  107  7:28  Zealot  
  105  7:39  Immortal  
  105  7:40  Stalker x4  
  105  7:41  Stalker  
  110  7:48  Zealot x2  
  110  7:49  Adept  
  94  8:05  Stalker  
  94  8:06  Stalker x3  
  102  8:18  Stalker x3, Immortal  
  102  8:19  Adept  
  107  8:46  Stalker x3  
  107  8:47  Stalker, Zealot x3  
  117  8:51  Stalker  
  113  8:57  Immortal  
  105  9:19  Adept x5  
  105  9:20  Adept  
  117  9:42  Zealot  
  117  9:49  Nexus  
  117  9:51  Immortal  
  117  9:52  Pylon  
  117  9:53  Pylon  
  117  9:54  Pylon  
  117  9:58  Zealot x2  
  117  10:04  Templar Archives  
  117  10:26  Zealot  
  117  10:27  Zealot x5  
  117  10:50  Zealot  
  117  10:51  Zealot x3  
Show
View Real Time Build Order
Export as new Build Order

Greyhair Zerg - Winner!

Build Orders: Hatch First, Swarm Host 

Get SALT Encoding   

  12  0:00  Drone  
  13  0:13  Overlord  
  13  0:17  Drone  
  14  0:31  Drone x2  
  16  0:50  Hatchery  
  16  0:54  Drone  
  16  0:56  Drone  
  17  0:59  Drone  
  18  1:11  Extractor  
  18  1:15  Spawning Pool  
  18  1:18  Drone  
  17  1:22  Drone  
  18  1:29  Drone  
  19  1:40  Overlord  
  19  2:02  Queen x2  
  24  2:08  Drone x3  
  26  2:16  Metabolic Boost  
  26  2:17  Overlord  
  26  2:25  Zergling x4  
  28  2:36  Drone x3  
  31  2:45  Queen  
  33  2:52  Queen  
  35  3:05  Drone  
  36  3:06  Drone x3  
  39  3:23  Lair  
  39  3:24  Drone  
  39  3:25  Drone x4  
  39  3:26  Overlord  
  44  3:30  Extractor  
  44  3:31  Extractor  
  44  3:32  Drone, Extractor  
  42  3:39  Roach Warren  
  41  3:45  Evolution Chamber  
  41  3:47  Evolution Chamber  
  39  3:54  Drone x4  
  43  3:58  Drone x2  
  45  4:16  Overlord  
  45  4:17  Overlord x2  
  45  4:30  Infestation Pit  
  44  4:34  Queen  
  46  4:41  Drone x3  
  46  4:43  Drone x2  
  46  4:44  Drone  
  46  4:45  Drone x2  
  54  4:47  Drone  
  55  4:53  Spore Crawler  
  55  4:54  Drone  
  55  4:57  Drone x2  
  57  5:00  Drone  
  57  5:02  Drone  
  59  5:16  Nydus Network  
  58  5:30  Spore Crawler  
  58  5:33  Overlord x3  
  57  5:39  Swarm Host  
  57  5:40  Swarm Host x2  
  66  5:52  Swarm Host  
  66  5:53  Swarm Host x4  
  66  5:55  Swarm Host  
  84  5:57  Swarm Host x2  
  84  6:03  Overlord  
  90  6:04  Overlord  
  90  6:27  Overlord  
  90  6:28  Overlord  
  90  6:37  Nydus Canal  
  90  6:39  Burrow  
  90  6:52  Drone  
  90  6:54  Hatchery, Hydralisk Den  
  90  7:01  Roach x5  
  91  7:02  Roach x5  
  109  7:10  Zerg Melee Weapons Level 1  
  109  7:25  Muscular Augments  
  106  7:42  Roach  
  106  7:43  Roach x4  
  116  7:50  Zergling x2  
  100  8:10  Roach Warren  
  99  8:15  Zergling x8  
  103  8:21  Queen x2  
  105  8:29  Grooved Spines  
  105  8:30  Zergling x8  
  107  8:37  Nydus Network  
  103  8:46  Hydralisk  
  103  8:47  Hydralisk  
  103  8:55  Hydralisk  
  103  8:56  Roach Warren  
  103  8:57  Queen  
  103  8:59  Queen  
  108  9:04  Hydralisk  
  108  9:05  Hydralisk x2  
  114  9:11  Hydralisk x2  
  115  9:22  Hydralisk  
  115  9:23  Hydralisk  
  119  9:33  Queen  
  119  9:35  Overlord x4  
  120  9:45  Overlord x4  
  119  9:59  Hydralisk x2  
  119  10:00  Hydralisk  
  119  10:04  Nydus Canal  
  125  10:07  Hydralisk x2  
  129  10:19  Hydralisk x3  
Tags
 
Add a new tag
Caveats
  • Supply blocks, unpowered buildings, or Contaminate may cause inaccurate times.
  • Supply counts are checked every 10 seconds.